 Dungeon Crawl Stone Soup version 0.22.1-2-g9c5b331 (webtiles) character file.

136 MalarOregon the Poker (level 5, 0/41 HPs)
             Began as a Merfolk Gladiator on Nov 23, 2018.
             Slain by an orc
             ... wielding a +0 mace
              (4 damage)
             ... on level 4 of the Dungeon.
             The game lasted 00:04:43 (3656 turns).

MalarOregon the Poker (Merfolk Gladiator)           Turns: 3656, Time: 00:04:44

Health: 0/41       AC:  4    Str: 14    XL:     5   Next: 19%
Magic:  5/5        EV: 15    Int:  8    God:
Gold:   106        SH:  0    Dex: 16    Spells: 4/4 levels left

rFire    . . .     SeeInvis .   a - +1 trident
rCold    . . .     Gourm    .   (no shield)
rNeg     . . .     Faith    .   b - +0 leather armour
rPois    .         Spirit   .   c - +0 helmet
rElec    .         Reflect  .   (no cloak)
rCorr    .         Harm     .   (no gloves)
MR       .....                  (no boots)
Stlth    +.........             (no amulet)
HPRegen  0.13/turn              (no ring)
MPRegen  0.09/turn              (no ring)

@: no status effects
A: change form in water, swift swim, stealthy swim
a: no special abilities


You were on level 4 of the Dungeon.
You were not hungry.

You visited 1 branch of the dungeon, and saw 4 of its levels.

You collected 106 gold pieces.

Inventory:

Hand Weapons
 a - a +1 trident (weapon)
Missiles
 d - 3 throwing nets (quivered) {!f}
Armour
 b - a +0 leather armour (worn)
 c - a +0 helmet (worn)
Jewellery
 j - an uncursed ring of flight {unknown}
   (You found it on level 1 of the Dungeon)
Scrolls
 g - a scroll of random uselessness {unknown}
 h - a scroll of identify {@r1}
 l - a scroll of teleportation {@r4}
 n - a scroll of enchant armour {unknown}
 s - a scroll of remove curse {unknown}
Potions
 f - a potion of resistance {unknown}
 i - 2 potions of heal wounds {@q2}
 k - 2 potions of curing {unknown}
 m - a potion of agility {unknown}
 o - a potion of haste {unknown}
 p - a potion of lignification {unknown}
 r - a potion of might {unknown}
Comestibles
 e - 6 rations {!d}


   Skills:
 + Level 3.3 Fighting
 + Level 5.6 Polearms
 + Level 3.1 Throwing
 + Level 5.1 Dodging


You had 4 spell levels left.
You didn't know any spells.
Your spell library was empty.

Dungeon Overview and Level Annotations

Branches:
Dungeon (4/15)
 Temple: D:4-7

Altars:
Dithmenos


Message History

The orc wizard hits you but does no damage.
The orc wizard points at you and mumbles some strange words.
The magic dart hits you!
You barely miss the orc wizard.
The orc wizard hits you but does no damage.
You barely miss the orc wizard.
The orc wizard hits you with a vampiric dagger.
* * * LOW HITPOINT WARNING * * *
The orc wizard draws strength from your wounds!
The orc wizard hits you with a vampiric dagger.
* * * LOW HITPOINT WARNING * * *
The orc wizard draws strength from your wounds!
You hit the orc wizard.
The orc wizard hits you with a vampiric dagger.
* * * LOW HITPOINT WARNING * * *
The orc wizard draws strength from your wounds!
The orc wizard hits you with a vampiric dagger.
* * * LOW HITPOINT WARNING * * *
You closely miss the orc wizard. The orc wizard completely misses you.
You closely miss the orc wizard.
The orc wizard hits you but does no damage. x2
You completely miss the orc wizard.
The orc wizard hits you but does no damage.
Your leather armour prevents you from hitting the orc wizard.
The orc wizard hits you but does no damage.
The orc wizard gestures wildly while chanting.
The orc wizard blinks!
You puncture the orc wizard!
The orc wizard mumbles some strange words.
The orc wizard blinks!
You puncture the orc!
You kill the orc!
You puncture the orc!
You kill the orc!
You hit the orc wizard.
The orc wizard hits you with a vampiric dagger.
* * * LOW HITPOINT WARNING * * *
The orc wizard draws strength from your wounds!
The orc closely misses you.
You hit the orc wizard.
The orc wizard hits you but does no damage.
The orc closely misses you.
The orc wizard hits you with a vampiric dagger.
* * * LOW HITPOINT WARNING * * *
You hit the orc wizard.
The orc wizard hits you with a vampiric dagger.
* * * LOW HITPOINT WARNING * * *
The orc wizard draws strength from your wounds!
The orc hits you with a mace.
You die...

..###### #..#...
..# #....P
..########.....
...........aP.
............o.
..########...# ..#
#...# ###
####...#########.#
.........oo@......#
######...###o.#####
#.### ##.# #.# #.#
#.# #.# #.# #.# #.#
#.# #.# #.#
#########.# #.#


You could see an orc wizard and 2 orcs.

Vanquished Creatures
  Robin (D:3)
  3 gnolls (D:2)
  2 adders
  An ooze (D:1)
  An adder skeleton (D:4)
  2 worms (D:2)
  3 dart slugs
  A leopard gecko (D:1)
  3 orcs
  A ball python (D:2)
  8 bats
  16 goblins
  2 hobgoblins
  2 quokkas (D:2)
  5 frilled lizards
  3 kobolds
  4 rats
58 creatures vanquished.

Notes
Turn   | Place    | Note
-------+----------+-------------------------------------------
     0 | D:1      | MalarOregon the Merfolk Gladiator began the quest for the
                  | Orb.
     0 | D:1      | Reached XP level 1. HP: 16/16 MP: 1/1
   152 | D:1      | Reached XP level 2. HP: 15/23 MP: 2/2
   906 | D:2      | Reached XP level 3. HP: 23/28 MP: 3/3
   909 | D:2      | Reached skill level 5 in Polearms
  1056 | D:2      | Reached XP level 4. HP: 23/35 MP: 4/4
  2139 | D:2      | You fall through a shaft for 2 floors!
  2216 | D:3      | Found a shadowy altar of Dithmenos.
  2628 | D:3      | Noticed Robin
  2637 | D:3      | Reached skill level 5 in Dodging
  2670 | D:2      | HP: 1/35 [poisoned by a goblin]
  3169 | D:3      | Killed Robin
  3169 | D:3      | Reached XP level 5. HP: 38/41 MP: 5/5
  3656 | D:4      | Slain by an orc

Skill      XL: |  1  2  3  4 |
---------------+-------------+-----
Polearms       | 5 |  5.6
Fighting       | 3 |  3.3
Dodging        | 5 |  5.1
Throwing       | 3 |  3.1

Action                   |  1- 3 |  4- 6 || total
-------------------------+-------+-------++-------
Melee: Trident           |    60 |   151 ||   211
  Use: Scroll            |       |     7 ||     7
 Stab: Sleeping          |     2 |     4 ||     6
  Eat: Chunk             |       |     9 ||     9
Armor: Leather armour    |     9 |    26 ||    35
Dodge: Dodged            |    34 |    80 ||   114
